SKY
FRESNO FALCONS @ ST. LOUIS CARDINALS
05/14/2052
 
TOP OF THE 1ST
Fresno Falcons batting - Pitching for St. Louis Cardinals : RHP Jamison Bond
Pitching: RHP Jamison Bond
Batting: LHB Luca Flores 0-0: Called Strike
0-1: Ball
1-1: Ball
2-1: Foul Ball, location: 2F
2-2: Ball
3-2: Foul Ball, location: 2F
3-2: Foul Ball, location: 2F
3-2: Foul Ball, location: 9LDF
3-2: Fly out, F8 (Flyball, 8RM, EV 93.1 MPH)
Batting: RHB Zach Pryor 0-0: Ball
1-0: Ball
2-0: Foul Ball, location: 5SF
2-1: Ground out 6-3 (Groundball, 6M, EV 100.6 MPH)
Batting: LHB Juan Oliu 0-0: Fly out, F6 (Popup, 6MD, EV 47.5 MPH)
Top of the 1st over - 0 runs, 0 hits, 0 errors, 0 left on base; Fresno 0 - St. Louis 0
BOTTOM OF THE 1ST
St. Louis Cardinals batting - Pitching for Fresno Falcons : LHP Lyle Bramlage
Pitching: LHP Lyle Bramlage
Batting: SHB Joseph Mitchell 0-0: Called Strike
0-1: SINGLE (Groundball, 6MS, EV 68.8 MPH) (infield hit)
Batting: RHB Bobby Grimm 0-0: Called Strike
0-1: Called Strike
0-2: Foul Ball, location: 3FF
0-2: Strikes out looking
Batting: RHB Edward Lepak 0-0: Fielders Choice at 2nd, 6-4 (Groundball, 6, EV 87.5 MPH)
Batting: RHB Dan Moore 0-0: Ball
1-0: Called Strike
1-1: Foul Ball, location: 9LMF
1-2: SINGLE (Groundball, 3L, EV 87.5 MPH)
Edward Lepak to second
Runner from 2nd tries for 3rd, SAFE, no throw by RF
Batting: SHB Sammy Horgan 0-0: Foul Ball, location: 9LMF
0-1: Ground out U3 (Groundball, 34, EV 83.1 MPH)
Bottom of the 1st over - 0 runs, 2 hits, 0 errors, 2 left on base; Fresno 0 - St. Louis 0
TOP OF THE 2ND
Fresno Falcons batting - Pitching for St. Louis Cardinals : RHP Jamison Bond
Batting: RHB Apolo Tussey 0-0: Foul Ball, location: 23F
0-1: Ball
1-1: Ball
2-1: Foul Ball, location: 2F
2-2: Foul Ball, location: 2F
2-2: Ball
3-2: Fly out, F4 (Popup, 34, EV 75.0 MPH)
Batting: RHB Pan Siena 0-0: Ball
1-0: Foul Ball, location: 2F
1-1: Called Strike
1-2: Ball
2-2: Ball
3-2: Fly out, F8 (Flyball, 8LD, EV 93.8 MPH)
Batting: RHB Eric Alvares 0-0: Swinging Strike
0-1: Foul Ball, location: 5SF
0-2: Foul Ball, location: 5SF
0-2: Ground out 5-3 (Groundball, 56, EV 79.4 MPH)
Top of the 2nd over - 0 runs, 0 hits, 0 errors, 0 left on base; Fresno 0 - St. Louis 0
BOTTOM OF THE 2ND
St. Louis Cardinals batting - Pitching for Fresno Falcons : LHP Lyle Bramlage
Batting: LHB Marcus Jones 0-0: SINGLE (Groundball, 34D, EV 99.4 MPH)
Batting: SHB Lucas Cavanaugh 0-0: Called Strike
Marcus Jones is caught stealing 2nd base 2-4
0-1: Ball
1-1: Foul Ball, location: 2LF
1-2: Foul Ball, location: 2F
1-2: Fly out, F9 (Flyball, 89S, EV 98.8 MPH)
Batting: RHB Paco Paredes 0-0: Ball
1-0: SINGLE (Groundball, 6MD, EV 106.3 MPH)
Batting: LHB Josef Rosendorff 0-0: Swinging Strike
0-1: Swinging Strike
0-2: Ball
1-2: SINGLE (Line Drive, 89S, EV 85.0 MPH)
Paco Paredes to second
Runner from 2nd tries for 3rd, SAFE, throw by RF made to third
Batting: SHB Joseph Mitchell 0-0: Swinging Strike
0-1: Ball
1-1: Called Strike
1-2: Ball
2-2: Strikes out swinging
Bottom of the 2nd over - 0 runs, 3 hits, 0 errors, 2 left on base; Fresno 0 - St. Louis 0
TOP OF THE 3RD
Fresno Falcons batting - Pitching for St. Louis Cardinals : RHP Jamison Bond
Batting: LHB Everett Hardin 0-0: Ground out 4-3 (Groundball, 34D, EV 102.5 MPH)
Batting: RHB Cody McGuire 0-0: Ball
1-0: Ball
2-0: Called Strike
2-1: Called Strike
2-2: Ground out 1-3 (Groundball, 34S, EV 63.1 MPH)
Batting: SHB John Wheeler 0-0: Called Strike
0-1: Ball
1-1: Called Strike
1-2: Foul Ball, location: 5F
1-2: Ball
2-2: SINGLE (Flyball, 6MD, EV 88.1 MPH)
Batting: LHB Luca Flores 0-0: Called Strike
0-1: Ball
1-1: Swinging Strike
1-2: Foul Ball, location: 2F
1-2: Ball
2-2: Strikes out swinging
Top of the 3rd over - 0 runs, 1 hit, 0 errors, 1 left on base; Fresno 0 - St. Louis 0
BOTTOM OF THE 3RD
St. Louis Cardinals batting - Pitching for Fresno Falcons : LHP Lyle Bramlage
Batting: RHB Bobby Grimm 0-0: Ball
1-0: Foul Ball, location: 2F
1-1: Foul Ball, location: 2F
1-2: Ball
2-2: Ball
3-2: Ground out 6-3 (Groundball, 6, EV 83.1 MPH)
Batting: RHB Edward Lepak 0-0: Called Strike
0-1: Ball
1-1: Foul Ball, location: 5FF
1-2: Ball
2-2: Fly out, F8 (Flyball, 8LD, EV 106.9 MPH)
Batting: RHB Dan Moore 0-0: Swinging Strike
0-1: Ball
1-1: Fly out, F9 (Flyball, 9, EV 87.5 MPH)
Bottom of the 3rd over - 0 runs, 0 hits, 0 errors, 0 left on base; Fresno 0 - St. Louis 0
TOP OF THE 4TH
Fresno Falcons batting - Pitching for St. Louis Cardinals : RHP Jamison Bond
Batting: RHB Zach Pryor 0-0: Ball
1-0: Called Strike
1-1: SINGLE (Line Drive, 7S, EV 106.9 MPH)
Batting: LHB Juan Oliu 0-0: Ball
1-0: Called Strike
1-1: Swinging Strike
1-2: Ball
2-2: SINGLE (Groundball, 4MD, EV 94.4 MPH)
Zach Pryor to second
Batting: RHB Apolo Tussey 0-0: Fly out, F9 (Flyball, 9D, EV 103.8 MPH)
Runner from 2nd tags up, SAFE at 3rd, no throw by RF
Batting: RHB Pan Siena 0-0: Fly out, F8 (Flyball, 89M, EV 85.6 MPH)
Runner from 3rd tags up, SCORES, throw by CF
Batting: RHB Eric Alvares 0-0: Ball
1-0: Ball
2-0: Called Strike
2-1: SINGLE (Groundball, 4D, EV 104.4 MPH)
Juan Oliu to second
Runner from 2nd tries for 3rd, SAFE, no throw by CF
Batting: LHB Everett Hardin 0-0: Called Strike
0-1: Ball
1-1: Foul Ball, location: 7LDF
1-2: SINGLE (Groundball, 6MD, EV 98.8 MPH)
Juan Oliu scores
Eric Alvares to second
Batting: RHB Cody McGuire 0-0: Called Strike
0-1: Called Strike
0-2: Foul Ball, location: 9LMF
0-2: Ground out 5-3 (Groundball, 56S, EV 83.1 MPH)
Top of the 4th over - 2 runs, 4 hits, 0 errors, 2 left on base; Fresno 2 - St. Louis 0
BOTTOM OF THE 4TH
St. Louis Cardinals batting - Pitching for Fresno Falcons : LHP Lyle Bramlage
Batting: SHB Sammy Horgan 0-0: Called Strike
0-1: Ball
1-1: Foul Ball, location: 2F
1-2: Ball
2-2: Fly out, F8 (Flyball, 8LD, EV 98.1 MPH)
Batting: LHB Marcus Jones 0-0: Foul Ball, location: 2F
0-1: Called Strike
0-2: Foul Ball, location: 2F
0-2: Ball
1-2: Foul Ball, location: 7LMF
1-2: Ball
2-2: Ball
3-2: Ground out 1-3 (Groundball, 13S, EV 65.0 MPH)
Batting: SHB Lucas Cavanaugh 0-0: Ball
1-0: Foul Ball, location: 25F
1-1: Ball
2-1: Foul Ball, location: 3SF
2-2: Foul Ball, location: 2F
2-2: Foul Ball, location: 2F
2-2: Foul Ball, location: 2F
2-2: Foul Ball, location: 2F
2-2: Strikes out swinging
Bottom of the 4th over - 0 runs, 0 hits, 0 errors, 0 left on base; Fresno 2 - St. Louis 0
TOP OF THE 5TH
Fresno Falcons batting - Pitching for St. Louis Cardinals : RHP Jamison Bond
Batting: SHB John Wheeler 0-0: Called Strike
0-1: Ball
1-1: Foul Ball, location: 2F
1-2: Ball
2-2: Ball
3-2: SINGLE (Groundball, 4D, EV 103.8 MPH)
Batting: LHB Luca Flores 0-0: Ball
1-0: Ball
2-0: Bunt missed!
2-1: Sac Bunt to 3S - play at first, batter OUT! 3-4
John Wheeler to second
Batting: RHB Zach Pryor 0-0: SINGLE (Line Drive, 8RS, EV 88.8 MPH)
John Wheeler to third
Batting: LHB Juan Oliu 0-0: Ball
1-0: Called Strike
1-1: Grounds into double play, 4-6-3 (Groundball, 4S, EV 80.6 MPH)
Top of the 5th over - 0 runs, 2 hits, 0 errors, 1 left on base; Fresno 2 - St. Louis 0
BOTTOM OF THE 5TH
St. Louis Cardinals batting - Pitching for Fresno Falcons : LHP Lyle Bramlage
Batting: RHB Paco Paredes 0-0: Called Strike
0-1: Ball
1-1: Ball
2-1: Swinging Strike
2-2: Ball
3-2: Fly out, F9 (Flyball, 9, EV 99.4 MPH)
Batting: LHB Josef Rosendorff 0-0: Called Strike
0-1: Ball
1-1: Called Strike
1-2: Foul Ball, location: 5FF
1-2: Ball
2-2: Fly out, F7 (Line Drive, 7D, EV 90.0 MPH)
Batting: SHB Joseph Mitchell 0-0: Called Strike
0-1: TRIPLE (Line Drive, 78XD, EV 111.3 MPH)
Batting: RHB Bobby Grimm 0-0: Called Strike
0-1: Ball
1-1: Fly out, F8 (Flyball, 8LXD, EV 106.3 MPH)
Bottom of the 5th over - 0 runs, 1 hit, 0 errors, 1 left on base; Fresno 2 - St. Louis 0
TOP OF THE 6TH
Fresno Falcons batting - Pitching for St. Louis Cardinals : RHP Jamison Bond
Batting: RHB Apolo Tussey 0-0: DOUBLE (Flyball, 78XD, EV 110.0 MPH)
Batting: RHB Pan Siena 0-0: Ground out 6-3 (Groundball, 6, EV 82.5 MPH)
Batting: RHB Eric Alvares 0-0: Fly out, F4 (Popup, 3S, EV 88.8 MPH)
Batting: LHB Everett Hardin 0-0: Foul Ball, location: 2F
0-1: Ball
1-1: Fly out, F8 (Flyball, 78S, EV 81.3 MPH)
Top of the 6th over - 0 runs, 1 hit, 0 errors, 1 left on base; Fresno 2 - St. Louis 0
BOTTOM OF THE 6TH
St. Louis Cardinals batting - Pitching for Fresno Falcons : LHP Lyle Bramlage
Batting: RHB Edward Lepak 0-0: Swinging Strike
0-1: Called Strike
0-2: Ball
1-2: Ball
2-2: Ball
3-2: Base on Balls
Pitching: LHP Gary Spears
Batting: RHB Dan Moore 0-0: Ball
1-0: DOUBLE (Flyball, 89D, EV 95.6 MPH)
Edward Lepak to third
Batting: SHB Sammy Horgan 0-0: Ball
1-0: Ball
2-0: Ball
3-0: Called Strike
3-1: Foul Ball, location: 2F
3-2: SINGLE (Line Drive, 56D, EV 110.0 MPH)
Edward Lepak scores
Dan Moore to third
Batting: LHB Marcus Jones 0-0: Foul Ball, location: 5F
0-1: Fielders Choice at 2nd, 4-6 (Groundball, 4, EV 110.6 MPH)
Dan Moore scores
Batting: SHB Lucas Cavanaugh 0-0: Ball
1-0: Fly out, F9 (Flyball, 9, EV 97.5 MPH)
Batting: RHB Paco Paredes 0-0: Ball
1-0: Fly out, F7 (Flyball, 7, EV 87.5 MPH)
Bottom of the 6th over - 2 runs, 2 hits, 0 errors, 1 left on base; Fresno 2 - St. Louis 2
TOP OF THE 7TH
Fresno Falcons batting - Pitching for St. Louis Cardinals : RHP Jamison Bond
Batting: RHB Cody McGuire 0-0: Ball
1-0: Ball
2-0: Ball
3-0: Base on Balls
Batting: SHB John Wheeler 0-0: Ball
1-0: Ball
2-0: Ball
3-0: Called Strike
3-1: Called Strike
3-2: Foul Ball, location: 7LMF
3-2: Strikes out looking
Pitching: RHP J.J. Jones
Batting: LHB Luca Flores 0-0: Ball
1-0: Ball
2-0: Called Strike
2-1: Ball
3-1: Called Strike
3-2: Strikes out swinging
Batting: RHB Zach Pryor 0-0: Ball
1-0: SINGLE (Groundball, 56S, EV 64.4 MPH) (infield hit)
Cody McGuire to second
Pitching: LHP Josef O'Hara
Batting: LHB Juan Oliu 0-0: Ball
1-0: Ball
2-0: Foul Ball, location: 2F
2-1: Foul Ball, location: 2F
2-2: Foul Ball, location: 2F
2-2: Foul Ball, location: 2F
2-2: Ball
3-2: Foul Ball, location: 25F
3-2: Strikes out swinging
Top of the 7th over - 0 runs, 1 hit, 0 errors, 2 left on base; Fresno 2 - St. Louis 2
BOTTOM OF THE 7TH
St. Louis Cardinals batting - Pitching for Fresno Falcons : LHP Gary Spears
Batting: LHB Josef Rosendorff 0-0: Fly out, F9 (Line Drive, 9, EV 93.1 MPH)
Batting: SHB Joseph Mitchell 0-0: Ground out 5-3 (Groundball, 56S, EV 81.3 MPH)
Batting: RHB Bobby Grimm 0-0: Ball
1-0: Foul Ball, location: 9LDF
1-1: Foul Ball, location: 9LMF
1-2: Strikes out swinging
Bottom of the 7th over - 0 runs, 0 hits, 0 errors, 0 left on base; Fresno 2 - St. Louis 2
TOP OF THE 8TH
Fresno Falcons batting - Pitching for St. Louis Cardinals : LHP Josef O'Hara
Pitching: RHP Mal Tanner
Batting: RHB Apolo Tussey 0-0: Ball
1-0: Called Strike
1-1: Ball
2-1: Ball
3-1: Fly out, F8 (Flyball, 8RXD, EV 90.6 MPH)
Batting: RHB Pan Siena 0-0: Ball
1-0: Fly out, F3 (Popup, 3SF, EV 82.5 MPH)
Batting: RHB Eric Alvares 0-0: Ball
1-0: Called Strike
1-1: Foul Ball, location: 2F
1-2: Fly out, F8 (Flyball, 78D, EV 103.1 MPH)
Top of the 8th over - 0 runs, 0 hits, 0 errors, 0 left on base; Fresno 2 - St. Louis 2
BOTTOM OF THE 8TH
St. Louis Cardinals batting - Pitching for Fresno Falcons : LHP Gary Spears
Batting: RHB Edward Lepak 0-0: Swinging Strike
0-1: Swinging Strike
0-2: Strikes out swinging
Batting: RHB Dan Moore 0-0: Foul Ball, location: 25FF
0-1: Ground out 4-3 (Groundball, 4, EV 102.5 MPH)
Batting: SHB Sammy Horgan 0-0: Foul Ball, location: 2F
0-1: Ball
1-1: Foul Ball, location: 7LMF
1-2: SINGLE (Line Drive, 7S, EV 105.0 MPH)
Pitching: RHP Mikel Rodriguez
Batting: LHB Marcus Jones 0-0: Ball
1-0: Called Strike
1-1: Ball
2-1: Swinging Strike
2-2: Strikes out swinging
Bottom of the 8th over - 0 runs, 1 hit, 0 errors, 1 left on base; Fresno 2 - St. Louis 2
TOP OF THE 9TH
Fresno Falcons batting - Pitching for St. Louis Cardinals : RHP Mal Tanner
Batting: LHB Everett Hardin 0-0: Foul Ball, location: 3FF
0-1: Swinging Strike
0-2: Foul Ball, location: 2F
0-2: Ball
1-2: Strikes out looking
Batting: RHB Cody McGuire 0-0: Called Strike
0-1: Ball
1-1: Ball
2-1: Foul Ball, location: 2F
2-2: Strikes out swinging
Batting: SHB John Wheeler 0-0: Called Strike
0-1: Swinging Strike
0-2: Ball
1-2: Ball
2-2: Ball
3-2: Foul Ball, location: 7LDF
3-2: Ground out U3 (Groundball, 34, EV 109.4 MPH)
Top of the 9th over - 0 runs, 0 hits, 0 errors, 0 left on base; Fresno 2 - St. Louis 2
BOTTOM OF THE 9TH
St. Louis Cardinals batting - Pitching for Fresno Falcons : RHP Mikel Rodriguez
Pitching: RHP Gregg Walters
Batting: SHB Lucas Cavanaugh 0-0: Foul Ball, location: 2F
0-1: Called Strike
0-2: Strikes out swinging
Pinch Hitting: SHB Mark Crabtree 0-0: Foul Ball, location: 7LMF
0-1: Called Strike
0-2: Strikes out swinging
Batting: LHB Josef Rosendorff 0-0: Ground out 6-3 (Groundball, 6, EV 89.4 MPH)
Bottom of the 9th over - 0 runs, 0 hits, 0 errors, 0 left on base; Fresno 2 - St. Louis 2
TOP OF THE 10TH
Fresno Falcons batting - Pitching for St. Louis Cardinals : RHP Mal Tanner
Now at C: Shawn Henry
Batting: LHB Luca Flores 0-0: Ball
1-0: Foul Ball, location: 5FF
1-1: Ball
2-1: Ball
3-1: Base on Balls
Batting: RHB Zach Pryor 0-0: Ball
1-0: Ball
2-0: Sac Bunt to 2L - play at first, batter OUT! 2-3
Luca Flores to second
Batting: LHB Juan Oliu 0-0: Intentional Walk
Batting: RHB Apolo Tussey 0-0: Called Strike
Luca Flores steals 3rd base
Juan Oliu to second
0-1: Ball
1-1: Intentional Walk
Batting: RHB Pan Siena 0-0: Swinging Strike
0-1: Ball
1-1: Called Strike
1-2: Ball
2-2: Fly out, F3 (Popup, 3SF, EV 80.6 MPH)
Pitching: RHP Prospero González
Batting: RHB Eric Alvares 0-0: Called Strike
0-1: Fly out, F4 (Popup, 4, EV 71.9 MPH)
Top of the 10th over - 0 runs, 0 hits, 0 errors, 3 left on base; Fresno 2 - St. Louis 2
BOTTOM OF THE 10TH
St. Louis Cardinals batting - Pitching for Fresno Falcons : RHP Gregg Walters
Batting: SHB Joseph Mitchell 0-0: Called Strike
0-1: Foul Ball, location: 5SF
0-2: Ball
1-2: Foul Ball, location: 2F
1-2: Foul Ball, location: 2F
1-2: Ball
2-2: Ground out 4-3 (Groundball, P, EV 91.3 MPH)
Batting: RHB Bobby Grimm 0-0: Ball
1-0: SINGLE (Groundball, 56, EV 104.4 MPH) (infield hit)
Batting: RHB Edward Lepak 0-0: Called Strike
0-1: Ball
1-1: Swinging Strike
1-2: 2-RUN HOME RUN (Flyball, 7D, EV 96.3 MPH), Distance : 361 ft
Bottom of the 10th over - 2 runs, 2 hits, 0 errors, 0 left on base; Fresno 2 - St. Louis 4
Sunday, April 21st , 2024 - OOTP Baseball 24.11 Build 85